[Event "Titled Tuesday Blitz February 28 Early 2023"]
[White "Filgueira, Hernan"]
[Black "Piriflillo"]
[WhiteFideId "101770"]
[WhiteElo "2363"]
[BlackElo "2324"]
[Result "1/2-1/2"]
[Round "09"]
[TimeControl "180+2"]
[Date "2023.02.28"]
[WhiteClock "0:00:18"]
[BlackClock "0:00:04"]

1. c4 e6 2. Nc3 Nf6 3. e4 c5 4. Nf3 d6 5. d4 cxd4 6. Nxd4 Nc6 7. Be2 Be7 8. O-O O-O 9. f4 d5 10. cxd5 exd5 11. e5 Ne4 12. Nxe4 dxe4 13. Nxc6 Bc5+ 14. Kh1 bxc6 15. Qc2 Bb6 16. Qxe4 Bb7 17. Bd3 g6 18. Bc2 Qe7 19. f5 c5 20. Qf4 Rfe8 21. Re1 Bc7 22. Qg4 Bxe5 23. Bg5 Qc7 24. Qh4 Bh8 25. f6 Qc6 26. Qf2 Rad8 27. Re7 Rd6 28. Rae1 Rdd8 29. Bb3 c4 30. Rxe8+ Rxe8 31. Rxe8+ Qxe8 32. Bxc4 Qe4 33. Bf1 Qb1 34. Kg1 Qxa2 35. Qd4 Qd5 36. Qxa7 Qd7 37. Qb8+ Bc8 38. Qe5 Qe6 39. Qxe6 Bxe6 40. b4 h6 41. Bxh6 Bxf6 42. Be3 Be5 43. b5 Kf8 44. b6 Ke7 45. b7 Bb8 46. g3 Kd7 47. Bf4 Bxf4 48. gxf4 Kc7 49. Kf2 Bd5 50. Kg3 Bxb7 51. Kh4 Kd7 52. Kg5 Ke7 53. h4 Be4 54. Be2 Bb1 55. Bc4 Bc2 56. h5 gxh5 57. Kxh5 Kf6 1/2-1/2


[Site "https://www.chess.com"]

[Event "Titled Tuesday Blitz February 28 Early 2023"]
[White "Kavutskiy, Konstantin"]
[Black "Sovetbekova, Nurai"]
[WhiteFideId "2026384"]
[BlackFideId "13801910"]
[WhiteElo "2369"]
[BlackElo "1857"]
[Result "1-0"]
[Round "09"]
[TimeControl "180+2"]
[Date "2023.02.28"]
[WhiteClock "0:02:03"]
[BlackClock "0:00:18"]

1. d4 Nf6 2. Bg5 g6 3. Bxf6 exf6 4. c4 d5 5. cxd5 Qxd5 6. Nc3 Qa5 7. e3 Bd7 8. Ne2 Nc6 9. g3 O-O-O 10. Bg2 h5 11. h4 g5 12. a3 Be7 13. b4 Qb6 14. Nd5 Qb5 15. Nec3 Qc4 16. Bf1 Qxd5 17. Nxd5 gxh4 18. Nxe7+ Nxe7 19. Rxh4 Bg4 20. Rxg4 hxg4 21. Qxg4+ f5 22. Qg5 Kd7 23. Bg2 c6 24. O-O-O Ke6 25. e4 fxe4 26. Bxe4 Rdg8 27. d5+ cxd5 28. Bxd5+ Nxd5 29. Qxd5+ Kf6 30. Qd4+ Kg6 31. Qg4+ Kh7 32. Rh1# 1-0


[Site "https://www.chess.com"]

[Event "Titled Tuesday Blitz February 28 Early 2023"]
[White "Fawzy, Adham"]
[Black "Kornyukov, Alexey"]
[WhiteFideId "10613129"]
[BlackFideId "4150457"]
[WhiteElo "2543"]
[BlackElo "2352"]
[Result "1-0"]
[Round "09"]
[TimeControl "180+2"]
[Date "2023.02.28"]
[WhiteClock "0:00:23"]
[BlackClock "0:00:21"]

1. e4 c5 2. Nf3 Nc6 3. Bb5 e5 4. O-O Be7 5. Re1 Nf6 6. Bxc6 dxc6 7. Nxe5 O-O 8. d3 Be6 9. Nc3 Qc7 10. Nf3 b5 11. h3 b4 12. Ne2 Bd6 13. Be3 Rad8 14. Qc1 h6 15. b3 Be5 16. Nxe5 Qxe5 17. f4 Qc7 18. Bxc5 Rfe8 19. f5 Bc8 20. Qf4 Qd7 21. Bxb4 Nh5 22. Qf3 Nf6 23. Bc3 Qe7 24. Nf4 Nd7 25. e5 Qc5+ 26. Kh1 Qxc3 27. e6 f6 28. Ne2 Qxc2 29. exd7 Rxd7 30. Qf1 Qxd3 31. Nf4 Rxe1 32. Qxe1 Qd4 33. Qe8+ Kh7 34. Rf1 Rd8 35. Qg6+ Kh8 36. Nh5 Qd7 37. g4 Qe8 38. Qxe8+ Rxe8 39. Kg2 Re2+ 40. Rf2 Rxf2+ 41. Kxf2 Kg8 42. Ke3 Kf7 43. Kd4 g6 44. Ng3 gxf5 45. gxf5 Ke7 46. Kc5 Kd7 47. Ne4 Kc7 48. Nxf6 Bxf5 49. h4 Bg6 50. a3 Bf5 51. b4 a6 52. Nh5 Bd3 53. Nf4 Be4 54. Ne2 Bd3 55. Nd4 h5 56. Nxc6 Be4 57. Nd4 Bd3 58. Ne6+ Kd7 59. Nf4 Bc2 60. Nxh5 Kc7 61. Nf4 Bd1 62. Nd5+ Kb7 63. Nc3 Bh5 64. Ne4 Bg6 65. Nd6+ Kc7 66. a4 Bh5 67. a5 Bg6 68. Nc4 Bh5 69. Nb6 Bg6 70. Kd5 Bh5 71. Ke5 Bf3 72. Na4 Kc6 73. Nc3 Bh5 74. Kf5 Kd6 75. Kg5 Bf7 76. h5 Bxh5 77. Kxh5 Kc6 78. Kg5 Kd6 79. Kf5 Kc6 80. Ke5 Kb7 81. Kd5 Ka7 82. Kc5 Kb7 83. Nd5 Ka7 84. Kc6 Kb8 85. Kb6 Ka8 86. Kxa6 Kb8 87. Kb6 Ka8 88. Kc7 Ka7 89. b5 Ka8 90. Nb6+ Ka7 91. Nc8+ Ka8 92. Nd6 Ka7 93. b6+ Ka6 94. b7 Kxa5 95. b8=Q Ka4 96. Qb5+ Ka3 97. Nc4+ Ka2 98. Qb2# 1-0


[Site "https://www.chess.com"]

[Event "Titled Tuesday Blitz February 28 Early 2023"]
[White "Chernov, Mikhail"]
[Black "Kaufman, Raymond"]
[WhiteFideId "24143170"]
[BlackFideId "2015056"]
[WhiteElo "2113"]
[BlackElo "2321"]
[Result "0-1"]
[Round "09"]
[TimeControl "180+2"]
[Date "2023.02.28"]
[WhiteClock "0:00:01"]
[BlackClock "0:00:20"]

1. e4 e5 2. Nc3 Nc6 3. Bc4 Nf6 4. d3 Bb4 5. Ne2 Na5 6. Bb3 c6 7. O-O d5 8. exd5 Nxb3 9. axb3 Nxd5 10. Nxd5 cxd5 11. d4 e4 12. f3 O-O 13. fxe4 dxe4 14. Bf4 Bg4 15. h3 Bxe2 16. Qxe2 Qxd4+ 17. Kh1 Qxb2 18. Qxe4 Bc5 19. Be5 Rfe8 20. Rae1 Qa3 21. Qg4 Bf8 22. Rxf7 Rxe5 23. Qc4 Rxe1+ 24. Rf1+ Kh8 25. Rxe1 h6 26. Qf7 Qd6 27. Qxb7 Rd8 28. Qxa7 Qg3 29. Qe3 Qxe3 30. Rxe3 Rd1+ 31. Kh2 Bd6+ 32. g3 Rd2+ 33. Kg1 Rxc2 34. Kf1 Rb2 35. g4 Bf4 36. Rd3 g5 37. Ke1 Kg7 38. Kd1 Kf6 39. Rf3 Ke5 40. Rc3 Kd4 41. Rc4+ Kd3 42. Ke1 Be3 43. Kf1 Rf2+ 44. Ke1 Re2+ 45. Kf1 Rb2 46. Rc6 Rxb3 47. Rxh6 Bf4 48. Re6 Rb1+ 49. Kg2 Rb2+ 50. Kf3 Rh2 51. Rh6 Bd2 52. h4 gxh4 53. Rd6+ Kc4 54. g5 Bxg5 55. Kg4 h3 0-1


[Site "https://www.chess.com"]

[Event "Titled Tuesday Blitz February 28 Early 2023"]
[White "Tarasova, Viktoriya"]
[Black "De Souza, Cristiano Gomes"]
[WhiteFideId "4175840"]
[BlackFideId "2151758"]
[WhiteElo "2182"]
[BlackElo "2068"]
[Result "1-0"]
[Round "09"]
[TimeControl "180+2"]
[Date "2023.02.28"]
[WhiteClock "0:00:24"]
[BlackClock "0:00:27"]

1. d4 Nf6 2. c4 g6 3. Nc3 Bg7 4. e4 d6 5. h3 O-O 6. Be3 e5 7. d5 Nbd7 8. g4 Nc5 9. Qc2 a5 10. Be2 b6 11. O-O-O Bd7 12. f3 a4 13. h4 h5 14. g5 Nh7 15. Nh3 Qc8 16. Nf2 Qa6 17. Nb5 Qb7 18. Nd3 Rfb8 19. Rhf1 Ra5 20. Nb4 Rc8 21. f4 exf4 22. Bd4 Bf8 23. Rxf4 c6 24. Nc3 cxd5 25. exd5 Bf5 26. Rxf5 gxf5 27. Qxf5 Qd7 28. Qf2 b5 29. Nc6 b4 30. Nb5 Rxc6 31. dxc6 Qxc6 32. Bxh5 Qd7 33. Bxc5 Rxb5 34. cxb5 Qb7 35. Bd4 Bg7 36. Bxg7 Kxg7 37. Qd4+ Kg8 38. Qxd6 Nf8 39. Rf1 1-0


[Site "https://www.chess.com"]

[Event "Titled Tuesday Blitz February 28 Early 2023"]
[White "Jiganchine, Roman"]
[Black "Carrasco Miranda, Andres"]
[WhiteFideId "2603667"]
[BlackFideId "3405990"]
[WhiteElo "2285"]
[BlackElo "2183"]
[Result "1-0"]
[Round "09"]
[TimeControl "180+2"]
[Date "2023.02.28"]
[WhiteClock "0:00:04"]
[BlackClock "0:00:03"]

1. e4 c5 2. Nf3 d6 3. Bb5+ Nd7 4. a4 Nf6 5. Nc3 g6 6. d4 cxd4 7. Qxd4 Bg7 8. e5 dxe5 9. Nxe5 O-O 10. Nxd7 Nxd7 11. Qh4 Nf6 12. O-O a6 13. Rd1 Qc7 14. Bd3 Bg4 15. Re1 Rad8 16. Ne4 Bf5 17. Bg5 Nxe4 18. Bxe4 Bxe4 19. Qxe4 Rd7 20. c3 e6 21. h4 h5 22. a5 Rc8 23. Qf3 Rd5 24. Be3 Rf5 25. Qh3 Bf8 26. Bb6 Qc6 27. Rad1 Bc5 28. Bxc5 Qxc5 29. Re3 Qxa5 30. Red3 Kg7 31. Qg3 Qe5 32. Qxe5+ Rxe5 33. Rd7 Rb5 34. R1d2 a5 35. f3 a4 36. R7d4 Ra8 37. Kh2 Ra6 38. Kg3 Kf6 39. Rd7 Rab6 40. R2d4 Rxb2 41. Rf4+ Ke5 42. Rfxf7 Ra6 43. Rd4 g5 44. hxg5 h4+ 45. Kh3 Rf2 46. Kg4 a3 47. f4+ Rxf4+ 48. Rfxf4 Ra4 49. Rfe4# 1-0


[Site "https://www.chess.com"]

[Event "Titled Tuesday Blitz February 28 Early 2023"]
[White "Burke, John F"]
[Black "Estrada Nieto, Julian"]
[WhiteFideId "2052970"]
[BlackFideId "5101018"]
[WhiteElo "2226"]
[BlackElo "2176"]
[Result "1-0"]
[Round "09"]
[TimeControl "180+2"]
[Date "2023.02.28"]
[WhiteClock "0:00:17"]
[BlackClock "0:00:49"]

1. d4 Nf6 2. c4 e6 3. Nf3 c5 4. d5 exd5 5. cxd5 d6 6. Nc3 g6 7. g3 Bg7 8. Bg2 O-O 9. O-O a6 10. a4 Re8 11. Nd2 h6 12. Nc4 g5 13. h3 Bf5 14. f4 g4 15. h4 Ne4 16. Nxe4 Bxe4 17. e3 f5 18. Bd2 Qe7 19. Bxe4 fxe4 20. Qxg4 Nd7 21. Bc3 Nf6 22. Qg6 Rad8 23. Rad1 Qf7 24. f5 b5 25. axb5 axb5 26. Na5 Qxg6 27. fxg6 Ng4 28. Bxg7 Kxg7 29. Rf7+ Kxg6 30. Rdf1 Ne5 31. R7f6+ Kh5 32. R1f4 Nf3+ 33. Kg2 Re5 34. Nc6 Rde8 35. Nxe5 Rxe5 36. Rxd6 Ne1+ 37. Kh3 Nf3 38. g4# 1-0


[Site "https://www.chess.com"]

[Event "Titled Tuesday Blitz February 28 Early 2023"]
[White "Clawitter, Craig"]
[Black "Korpics, Zsolt"]
[WhiteFideId "2023105"]
[BlackFideId "705241"]
[WhiteElo "2240"]
[BlackElo "2348"]
[Result "1/2-1/2"]
[Round "09"]
[TimeControl "180+2"]
[Date "2023.02.28"]
[WhiteClock "0:00:13"]
[BlackClock "0:00:12"]

1. e4 c5 2. Nf3 e6 3. d4 cxd4 4. Nxd4 Nc6 5. Nc3 Qc7 6. Be3 a6 7. Qd2 Nf6 8. O-O-O Bb4 9. f3 d5 10. a3 Ba5 11. Nb3 dxe4 12. Nxa5 Qxa5 13. Qd6 Qe5 14. Nxe4 Nxe4 15. fxe4 Qxe4 16. Bb6 g5 17. Bc7 Qf4+ 18. Qxf4 gxf4 19. Bxf4 e5 20. Re1 f6 21. Be3 Kf7 22. Bc4+ Be6 23. Be2 Rhg8 24. Bf3 Rad8 25. Rd1 Rxd1+ 26. Rxd1 Rd8 27. Bxc6 Rxd1+ 28. Kxd1 bxc6 29. Kd2 Bd5 30. g3 Ke6 1/2-1/2


[Site "https://www.chess.com"]

[Event "Titled Tuesday Blitz February 28 Early 2023"]
[White "Necula, Iulian"]
[Black "Alahakoon, Isuru"]
[WhiteFideId "1232380"]
[BlackFideId "9900993"]
[WhiteElo "1790"]
[BlackElo "1995"]
[Result "0-1"]
[Round "09"]
[TimeControl "180+2"]
[Date "2023.02.28"]
[WhiteClock "0:00:29"]
[BlackClock "0:00:36"]

1. d4 d5 2. Nc3 Nf6 3. Bf4 e6 4. Nb5 Bb4+ 5. c3 Ba5 6. a4 a6 7. b4 Bxb4 8. cxb4 axb5 9. a5 Qe7 10. Bd2 Nc6 11. e3 Nxb4 12. Bxb5+ c6 13. Be2 Ne4 14. Nf3 Nxd2 15. Nxd2 O-O 16. O-O Na6 17. Bxa6 Rxa6 18. Nb3 Ra8 19. Nc5 e5 20. Qb3 exd4 21. exd4 Qc7 22. Qb6 Qf4 23. Nxb7 Qg5 24. f4 Qf6 25. a6 Bf5 26. Rac1 Rfc8 27. Rc3 h5 28. Rfc1 Be4 29. Rxc6 Rxc6 30. Rxc6 Qxf4 31. Qc5 Qe3+ 32. Kf1 Bd3# 0-1


[Site "https://www.chess.com"]

[Event "Titled Tuesday Blitz February 28 Early 2023"]
[White "Curtis, John"]
[Black "Omariev, Maksim"]
[WhiteFideId "3200256"]
[BlackFideId "4193423"]
[WhiteElo "2203"]
[BlackElo "2452"]
[Result "0-1"]
[Round "09"]
[TimeControl "180+2"]
[Date "2023.02.28"]
[WhiteClock "0:00:03"]
[BlackClock "0:00:09"]

1. e4 c5 2. Nf3 d6 3. d4 cxd4 4. Qxd4 a6 5. c4 Nc6 6. Qd2 Nf6 7. Nc3 g6 8. Bd3 Bg7 9. b3 Bg4 10. Ng1 O-O 11. f3 Bd7 12. Bb2 Rc8 13. Nge2 e6 14. Bb1 Qc7 15. O-O Rfd8 16. Rd1 Be8 17. a3 b5 18. cxb5 axb5 19. Bd3 b4 20. Nb5 Qb6+ 21. Kh1 bxa3 22. Rxa3 Ne5 23. Bd4 Qb8 24. Nec3 d5 25. Bf1 dxe4 26. Qf4 Nh5 27. Qe3 exf3 28. gxf3 Nc6 29. Bxg7 Rxd1 30. Nxd1 Nxg7 31. Nbc3 Nf5 32. Qf2 Ncd4 33. Ne4 Bc6 34. Ra2 Qb7 35. Ndc3 Qxb3 36. Rd2 e5 0-1


[Site "https://www.chess.com"]

[Event "Titled Tuesday Blitz February 28 Early 2023"]
[White "Vaglio Munoz, Jaime"]
[Black "Kohler, Aran"]
[WhiteFideId "6500145"]
[BlackFideId "1002856"]
[WhiteElo "2199"]
[BlackElo "2236"]
[Result "1-0"]
[Round "09"]
[TimeControl "180+2"]
[Date "2023.02.28"]
[WhiteClock "0:00:25"]
[BlackClock "0:00:07"]

1. Nf3 d5 2. b3 Nf6 3. Bb2 Bf5 4. Ne5 e6 5. f4 Nbd7 6. g3 Nxe5 7. fxe5 Nd7 8. Bg2 c5 9. Nc3 d4 10. Ne4 Nxe5 11. O-O Nc6 12. d3 Be7 13. h3 O-O 14. g4 Bg6 15. Bc1 f5 16. Nd2 Rc8 17. a4 fxg4 18. hxg4 Rxf1+ 19. Qxf1 Qc7 20. Qf2 Rf8 21. Qe1 Ne5 22. Bh3 Bg5 23. Nf1 Be7 24. Bd2 h6 25. a5 Nf7 26. Kg2 Ng5 27. Qg3 Qc6+ 28. Kg1 Bd6 29. Qh4 Be7 30. Bg2 Qd7 31. Qe1 Kh7 32. Nh2 e5 33. Qg3 e4 34. Rf1 Bd6 35. Qh4 Bxh2+ 36. Kxh2 Rxf1 37. Bxf1 e3 38. Be1 Qc7+ 39. Qg3 Qxg3+ 40. Kxg3 b6 41. a6 Be8 42. Kf4 Bb5 43. Ke5 Bxa6 44. Kd6 Bb7 45. Kc7 Bd5 46. Bg3 Ne6+ 47. Kd6 Bxb3 48. cxb3 Ng5 49. Bf4 Kg6 50. Bg2 Kf6 51. Be5+ Kg6 52. Kc7 Nf7 53. Bf4 Kf6 54. Kb7 g5 55. Bg3 Ne5 56. Bxe5+ Kxe5 57. Bf3 Kf4 58. Kxa7 Kg3 59. Kxb6 h5 60. gxh5 g4 61. Bxg4 Kxg4 62. h6 Kg3 63. h7 Kf2 64. h8=Q Kxe2 65. Kxc5 Kd2 66. Qxd4 e2 67. Qf2 Kd1 68. Qxe2+ Kc1 69. d4 Kb1 70. d5 Ka1 71. b4 Kb1 72. Kc4 Ka1 73. Kb3 Kb1 74. Qb2# 1-0


[Site "https://www.chess.com"]

[Event "Titled Tuesday Blitz February 28 Early 2023"]
[White "Einarsson, Halldor Gretar"]
[Black "Jenkins, Drake"]
[WhiteFideId "2300150"]
[BlackFideId "2022397"]
[WhiteElo "2126"]
[BlackElo "2341"]
[Result "1-0"]
[Round "09"]
[TimeControl "180+2"]
[Date "2023.02.28"]
[WhiteClock "0:00:17"]
[BlackClock "0:00:01"]

1. d4 Nf6 2. c4 c5 3. d5 b5 4. cxb5 a6 5. b6 Qxb6 6. Nc3 g6 7. e4 d6 8. Nf3 Bg7 9. Bd3 O-O 10. Nd2 a5 11. Nc4 Qc7 12. O-O Ba6 13. Re1 Nbd7 14. h3 Nb6 15. Qe2 Nfd7 16. f4 Nxc4 17. Bxc4 Bxc4 18. Qxc4 Nb6 19. Qe2 c4 20. e5 dxe5 21. fxe5 Rad8 22. Qe4 f5 23. Qd4 Rc8 24. Be3 Nd7 25. Bf4 Qc5 26. Qxc5 Nxc5 27. Re2 Nd3 28. Bh2 Rfd8 29. Rd1 Rb8 30. Rdd2 Nc5 31. Rd4 1-0


[Site "https://www.chess.com"]

[Event "Titled Tuesday Blitz February 28 Early 2023"]
[White "Kiseljova, Marya"]
[Black "Tiarks, Jann-Christian"]
[WhiteFideId "4155009"]
[BlackFideId "12951595"]
[WhiteElo "1807"]
[BlackElo "2194"]
[Result "0-1"]
[Round "09"]
[TimeControl "180+2"]
[Date "2023.02.28"]
[WhiteClock "0:00:03"]
[BlackClock "0:00:09"]

1. d4 c5 2. d5 d6 3. Nc3 e5 4. e4 Nf6 5. h3 Be7 6. Be3 Nbd7 7. Nf3 Nf8 8. Bb5+ Bd7 9. a4 Ng6 10. Nd2 O-O 11. g4 a6 12. Be2 Nf4 13. Bf3 b5 14. axb5 axb5 15. Ne2 Nxe2 16. Kxe2 b4 17. Kf1 Bb5+ 18. Kg2 Nd7 19. b3 Nb6 20. Rxa8 Qxa8 21. Qa1 h6 22. Kg3 Bg5 23. h4 Bxe3 24. fxe3 Qxa1 25. Rxa1 Ra8 26. Rxa8+ Nxa8 27. g5 hxg5 28. hxg5 Nb6 29. Bg4 Kf8 30. Kh4 Ke7 31. Kh5 c4 32. Kh4 c3 33. Nf3 Nd7 34. Kg3 Nc5 35. Bf5 Nxb3 36. Ne1 Nc5 37. g6 f6 38. Kf2 Kd8 39. Kf3 Kc7 40. Kf2 Kb6 41. Nf3 Ba4 42. Ne1 Bxc2 43. Nxc2 b3 44. Na3 c2 0-1


[Site "https://www.chess.com"]

[Event "Titled Tuesday Blitz February 28 Early 2023"]
[White "Kostiukov, Alexandr"]
[Black "Fernandez Hernandez, Gerardo"]
[WhiteFideId "14108100"]
[BlackFideId "2207400"]
[WhiteElo "2202"]
[BlackElo "2199"]
[Result "1-0"]
[Round "09"]
[TimeControl "180+2"]
[Date "2023.02.28"]
[WhiteClock "0:00:11"]
[BlackClock "0:00:04"]

1. g3 Nf6 2. Bg2 g6 3. Nf3 Bg7 4. O-O O-O 5. c4 d6 6. d4 Nbd7 7. Nc3 e5 8. h3 Re8 9. e4 exd4 10. Nxd4 Nc5 11. Re1 c6 12. Nb3 Be6 13. Nxc5 dxc5 14. Qe2 Nd7 15. Rd1 Bxc3 16. bxc3 Qf6 17. Bf4 Ne5 18. Bxe5 Qxe5 19. Rac1 Rad8 20. Rxd8 Rxd8 21. f4 Qd6 22. Rb1 b6 23. e5 Qd2 24. Qxd2 Rxd2 25. a4 Bxc4 26. Bxc6 Rd3 27. a5 Rxg3+ 28. Kf2 Rxc3 29. axb6 axb6 30. Rxb6 Rxh3 31. Bf3 Be6 32. Kg2 Rh4 33. Kg3 Rh3+ 34. Kg2 c4 35. Rxe6 Rxf3 36. Re8+ Kg7 37. Kxf3 1-0


[Site "https://www.chess.com"]

[Event "Titled Tuesday Blitz February 28 Early 2023"]
[White "Manon-og, Ramon Jr."]
[Black "Winkels, Marcel"]
[WhiteFideId "5200776"]
[BlackFideId "1003887"]
[WhiteElo "2325"]
[BlackElo "1900"]
[Result "1-0"]
[Round "09"]
[TimeControl "180+2"]
[Date "2023.02.28"]
[WhiteClock "0:01:56"]
[BlackClock "0:01:00"]

1. e4 c5 2. Nf3 e6 3. d4 cxd4 4. Nxd4 Nc6 5. Nxc6 bxc6 6. c4 Nf6 7. Nc3 Bb4 8. Bd3 d5 9. cxd5 cxd5 10. Qa4+ Bd7 11. Qxb4 Rb8 12. Qa3 d4 13. Ne2 Bc6 14. Bg5 h6 15. Bxf6 Qxf6 16. O-O h5 17. Qd6 Rb6 18. Rac1 e5 19. Qxf6 gxf6 20. Rxc6 Rxc6 21. Bb5 Kd7 22. Rc1 Rc8 23. h4 Kd6 24. Rxc6+ Rxc6 25. Bxc6 Kxc6 26. g4 d3 27. Nc3 Kd7 28. b4 Ke8 29. a4 Kf8 30. b5 Kg7 31. a5 hxg4 32. b6 axb6 33. axb6 f5 34. b7 d2 35. b8=Q d1=Q+ 36. Nxd1 f4 37. Qxe5+ f6 38. Qxf4 Kf7 39. Qxg4 Ke7 40. h5 Kf7 41. h6 Ke7 42. h7 Kd6 43. h8=Q Ke5 44. Qf5+ Kd4 45. Qhxf6+ Kd3 46. Qd5+ Ke2 47. Qb2+ Ke1 48. Qdd2# 1-0


[Site "https://www.chess.com"]

[Event "Titled Tuesday Blitz February 28 Early 2023"]
[White "Ruiz Aguilar, Pablo Alexander"]
[Black "Fabris, Alberto"]
[WhiteFideId "4401352"]
[BlackFideId "801348"]
[WhiteElo "2138"]
[BlackElo "2129"]
[Result "0-1"]
[Round "09"]
[TimeControl "180+2"]
[Date "2023.02.28"]
[WhiteClock "0:00:01"]
[BlackClock "0:00:02"]

1. e4 c5 2. Nf3 d6 3. d4 cxd4 4. Nxd4 Nf6 5. Nc3 a6 6. Be2 e5 7. Nf3 Be7 8. Bg5 O-O 9. Bxf6 Bxf6 10. Qd3 Be6 11. O-O-O Be7 12. Nd5 Bxd5 13. Qxd5 Nc6 14. Kb1 Qc7 15. c3 Rfd8 16. h4 Rac8 17. Ng5 Bf8 18. Bc4 Rd7 19. Ne6 Qa5 20. Nxf8 Rxf8 21. Qd3 b5 22. Bb3 b4 23. cxb4 Nxb4 24. Qd2 Qb6 25. h5 h6 26. Rh3 Nc6 27. Bd5 Nd4 28. Rg3 Kh8 29. Rc3 Qd8 30. f4 Qh4 31. fxe5 dxe5 32. Rh3 Qg5 33. Qxg5 hxg5 34. h6 g6 35. Rg3 f6 36. Rc3 Kh7 37. Ra3 Rd6 38. Rc1 Rfd8 39. Rc7+ R8d7 40. Rxd7+ Rxd7 41. Rxa6 f5 42. a4 g4 43. Rf6 f4 44. a5 f3 45. gxf3 g3 46. Bg8+ Kxh6 47. Bf7 g2 48. Rxg6+ Kh7 49. Rxg2 Rxf7 50. a6 Ra7 51. Rg5 Nxf3 52. Rf5 Nd2+ 53. Kc2 Nxe4 54. Rxe5 Nd6 55. Re6 Rxa6 56. b3 Kg7 57. Kd3 Kf7 58. Rh6 Ke7 59. Rh7+ Ke6 60. Rh6+ Kd5 61. Rh5+ Kc6 62. Kc3 Ra1 63. Kb2 Rg1 64. Rh6 Rg3 65. Ka3 Rg4 66. Kb2 Kc5 67. Kc2 Ne4 0-1


[Site "https://www.chess.com"]

[Event "Titled Tuesday Blitz February 28 Early 2023"]
[White "Qashashvili, Alexandre"]
[Black "Flis, Pawel"]
[WhiteFideId "13600842"]
[BlackFideId "1112864"]
[WhiteElo "2405"]
[BlackElo "1822"]
[Result "0-1"]
[Round "09"]
[TimeControl "180+2"]
[Date "2023.02.28"]
[WhiteClock "0:00:02"]
[BlackClock "0:00:09"]

1. e4 c5 2. Nc3 d6 3. Nf3 Nf6 4. Bb5+ Bd7 5. Bxd7+ Nbxd7 6. d3 g6 7. Be3 Bg7 8. Qd2 Rb8 9. Bh6 Bxh6 10. Qxh6 b5 11. Ng5 b4 12. Nd5 Nxd5 13. Qg7 Rf8 14. exd5 Nf6 15. O-O Qd7 16. Rfe1 Qf5 17. Rxe7+ Kxe7 18. Re1+ Kd7 19. Nxf7 Rbe8 20. Nh6+ Kc8 21. Re3 Qd7 22. Qxd7+ Kxd7 23. Re6 Rxe6 24. dxe6+ Kxe6 25. h3 d5 26. g4 c4 27. g5 Nh5 28. dxc4 dxc4 29. Ng4 Rd8 30. Ne3 c3 31. bxc3 bxc3 32. Kg2 Rb8 33. Nd1 Rb2 34. Nxc3 Rxc2 35. Nb5 Rxa2 36. Kf3 a5 37. Nd4+ Kd5 38. Nb5 Kc4 39. Nd6+ Kc3 40. Nb5+ Kb4 41. Nd4 a4 42. Ke3 Ra3+ 43. Ke4 Rxh3 44. f4 a3 45. Nc2+ Kb3 46. Nxa3 Kxa3 47. f5 gxf5+ 48. Kxf5 Ng3+ 49. Kg4 Rh1 50. Kxg3 Kb4 51. Kf4 Kc5 52. Ke5 Rf1 53. Ke6 Kc6 54. Ke7 Kd5 55. g6 hxg6 56. Kd7 g5 57. Ke7 g4 58. Kd7 g3 59. Kc7 g2 60. Kb6 g1=Q+ 61. Kb5 Rc1 62. Ka6 Qg7 0-1


[Site "https://www.chess.com"]

[Event "Titled Tuesday Blitz February 28 Early 2023"]
[White "Bulatova, Kamaliya"]
[Black "Kriti Mayur Patel"]
[WhiteFideId "34111546"]
[BlackFideId "35061780"]
[WhiteElo "2039"]
[BlackElo "1306"]
[Result "1-0"]
[Round "09"]
[TimeControl "180+2"]
[Date "2023.02.28"]
[WhiteClock "0:00:10"]
[BlackClock "0:00:13"]

1. d4 d5 2. Bf4 Nf6 3. e3 e6 4. Nd2 c5 5. c3 Nc6 6. Bd3 Bd6 7. Bxd6 Qxd6 8. f4 O-O 9. Ngf3 c4 10. Bc2 b5 11. O-O a5 12. Ne5 b4 13. a3 bxc3 14. bxc3 Rb8 15. Qf3 Bd7 16. Qh3 g6 17. Ndf3 Kg7 18. Ng5 Rb2 19. Ng4 Nxg4 20. Qxh7+ Kf6 21. Qh4 Kg7 22. e4 Rxc2 23. Qh7+ Kf6 24. e5+ Ke7 25. exd6+ Kxd6 26. Nxf7+ Kc7 27. Ng5 Rf6 28. Rab1 Ne3 29. Rf2 Rxc3 30. Rfb2 Rb3 31. Rxb3 cxb3 32. Rxb3 Nf5 33. Qh8 Nfxd4 34. Qxf6 Nxb3 35. Nxe6+ Bxe6 36. Qxe6 Kb6 37. Qxd5 Nbd4 38. a4 Ne2+ 39. Kf2 Nxf4 40. Qb5+ Kc7 41. g3 Ne6 42. Qd5 Ned4 43. Qf7+ Kd6 44. Qxg6+ Kc5 45. Qb1 Ne5 46. h4 Ng4+ 47. Kg2 Ne3+ 48. Kh3 Kd5 49. h5 Ne2 50. Qd3+ Nd4 51. Qxe3 Kc4 52. Qxd4+ Kxd4 53. h6 Kc4 54. h7 Kb4 55. h8=Q Kxa4 56. Qa1+ Kb3 57. g4 Kc2 58. g5 Kb3 59. g6 a4 60. g7 a3 61. g8=Q+ Kc2 62. Qg2+ Kd3 63. Qxa3+ Kc4 64. Qe4+ Kb5 65. Qd5+ Kb6 66. Qac5+ Ka6 67. Qb5+ Ka7 68. Qdb7# 1-0


[Site "https://www.chess.com"]

[Event "Titled Tuesday Blitz February 28 Early 2023"]
[White "Martin, Lewis"]
[Black "Jesusesmifuerza"]
[WhiteFideId "410551"]
[WhiteElo "2145"]
[BlackElo "2016"]
[Result "1/2-1/2"]
[Round "09"]
[TimeControl "180+2"]
[Date "2023.02.28"]
[WhiteClock "0:00:11"]
[BlackClock "0:00:07"]

1. e4 c5 2. Nf3 e6 3. d4 cxd4 4. Nxd4 Nf6 5. Nc3 Nc6 6. Ndb5 Bc5 7. Be2 d5 8. exd5 Nxd5 9. Nxd5 exd5 10. Qxd5 Qe7 11. O-O O-O 12. Bd3 Nb4 13. Qb3 Be6 14. Bc4 Bxc4 15. Qxc4 Rac8 16. Qb3 Qe4 17. Na3 Rfd8 18. Bg5 Rd7 19. Rae1 Qg6 20. Be3 Bxe3 21. Rxe3 h6 22. c3 Nc6 23. Rg3 Qf6 24. Nc2 Rcd8 25. Ne3 Qe6 26. Qc2 Rd2 27. Qf5 Qxf5 28. Nxf5 g6 29. Nxh6+ Kg7 30. Ng4 Rxb2 31. h4 Rdd2 32. h5 Rxa2 33. hxg6 fxg6 34. Rb1 b6 35. Rb5 Rab2 36. Rg5 Ne7 37. Re5 Re2 38. Rge3 Rxe3 39. Nxe3 Nf5 40. Nxf5+ gxf5 41. Re7+ Kf6 42. Rxa7 Ke5 43. Rb7 Rb3 44. Kh2 Rxc3 45. Rxb6 Rc2 46. Kg3 Rc3+ 47. f3 Rc4 48. Rb5+ Kf6 49. Kf2 Kg5 50. Kg3 Rc2 51. Ra5 Rc3 52. Rd5 Rc4 53. Kf2 Rc2+ 54. Kg1 Rc4 55. Kh2 Rc2 56. Rd8 Rc4 57. Rg8+ Kf6 58. Kh3 Rc2 59. g4 fxg4+ 60. fxg4 Kf7 61. Ra8 Rc6 62. Kh4 Kg7 63. g5 Rb6 64. Kh5 Rc6 65. Ra7+ Kg8 66. g6 Rc1 67. Kh6 Rh1+ 68. Kg5 Rg1+ 69. Kf6 Rf1+ 70. Ke6 Re1+ 71. Kf5 Rf1+ 72. Ke4 Re1+ 73. Kf3 Rg1 74. Kf4 1/2-1/2


[Site "https://www.chess.com"]

[Event "Titled Tuesday Blitz February 28 Early 2023"]
[White "Vargas, Mauricio"]
[Black "Ardila, Oscar Humberto"]
[WhiteFideId "4404572"]
[BlackFideId "4404742"]
[WhiteElo "2025"]
[BlackElo "1946"]
[Result "0-1"]
[Round "09"]
[TimeControl "180+2"]
[Date "2023.02.28"]
[WhiteClock "0:00:01"]
[BlackClock "0:01:32"]

1. e4 e5 2. Nf3 Nf6 3. Nxe5 d6 4. Nf3 Nxe4 5. Nc3 Nxc3 6. dxc3 Be7 7. Be3 O-O 8. Qd2 Nd7 9. O-O-O Nf6 10. h4 c5 11. h5 Be6 12. h6 Qa5 13. a3 g6 14. Ng5 b5 15. Bf4 b4 16. cxb4 cxb4 17. Qxb4 Qf5 18. Nxe6 fxe6 19. Bxd6 Nd5 20. Rxd5 Bg5+ 21. f4 Qxd5 22. fxg5 Rfd8 23. Qc3 Rd7 24. Bd3 Qxd6 0-1


[Site "https://www.chess.com"]

[Event "Titled Tuesday Blitz February 28 Early 2023"]
[White "Bashirli, Saadat"]
[Black "Tsyhanchuk, Stanislav"]
[WhiteFideId "13429990"]
[BlackFideId "13505130"]
[WhiteElo "1408"]
[BlackElo "2173"]
[Result "0-1"]
[Round "09"]
[TimeControl "180+2"]
[Date "2023.02.28"]
[WhiteClock "0:00:01"]
[BlackClock "0:00:18"]

1. e4 c5 2. Nf3 d6 3. Bb5+ Nd7 4. O-O a6 5. Bxd7+ Bxd7 6. Re1 e5 7. c3 g6 8. d4 exd4 9. cxd4 Bg7 10. Nc3 Ne7 11. dxc5 dxc5 12. Bg5 Be6 13. Qxd8+ Rxd8 14. Rad1 Rxd1 15. Rxd1 h6 16. Bxe7 Kxe7 17. Nd5+ Bxd5 18. Rxd5 Rd8 19. Rxd8 Kxd8 20. b3 b5 21. Kf1 Kd7 22. Ke2 Kd6 23. Kd3 a5 24. Nd2 Bd4 25. f4 f6 26. Nf3 Ba1 27. Nh4 g5 28. Nf5+ Ke6 29. g3 h5 30. fxg5 fxg5 31. a4 bxa4 32. bxa4 Ke5 33. Ng7 h4 34. gxh4 gxh4 35. h3 Bd4 36. Nf5 Bf2 37. Nh6 c4+ 38. Kxc4 Kxe4 39. Kb5 Be1 40. Nf7 Kf4 41. Kb6 Bd2 42. Nd6 Bb4 43. Nf7 Kg3 44. Ng5 Be7 45. Ne4+ Kf4 46. Nf2 Bb4 47. Kb5 Kg3 48. Ne4+ Kxh3 49. Kc4 Kg2 50. Ng5 Bd2 0-1


[Site "https://www.chess.com"]